Map: Ever Dream LE

Players

Vindicta

  • Race: Terran Terran
  • League: Master
  • Spawn Location: 1:00

Namshar - Winner!

  • Race: Zerg Zerg
  • League: Master
  • Spawn Location: 7:00

Event: DreamHack SC2 Masters 2020 Summer North America

VOD

Have the link to the VOD?

Description

Time

  • Played on: July 3, 2020, 4:34 p.m.
  • Length: 15:03

All games in this series

Show
View Real Time Build Order
Export as new Build Order

Vindicta Terran 

Build Orders: Reaper Expand 

Get SALT Encoding   

  12  0:00  SCV  
  13  0:13  SCV  
  14  0:17  Supply Depot  
  14  0:25  SCV  
  15  0:38  SCV  
  15  0:40  Barracks  
  16  0:43  Refinery  
  16  0:50  SCV  
  17  1:02  SCV  
  18  1:15  SCV  
  19  1:29  Reaper, Orbital Command  
  20  1:40  Command Center  
  20  1:47  Supply Depot  
  20  1:55  SCV  
  21  2:01  Marine  
  21  2:07  SCV  
  23  2:13  Factory  
  23  2:19  SCV  
  23  2:22  Barracks Reactor  
  24  2:31  SCV  
  25  2:43  SCV  
  26  2:46  Command Center  
  26  2:52  Orbital Command  
  26  2:56  SCV  
  27  3:05  Hellion x2, Barracks Tech Lab  
  31  3:09  SCV  
  32  3:16  Barracks  
  32  3:20  SCV  
  32  3:21  SCV  
  32  3:25  Stimpack  
  34  3:29  Hellion  
  34  3:32  Hellion  
  38  3:35  Marine  
  38  3:37  SCV  
  38  3:38  SCV  
  41  3:42  Refinery  
  41  3:49  SCV  
  41  3:50  SCV  
  43  3:58  Orbital Command  
  43  4:01  SCV  
  43  4:02  SCV  
  45  4:03  Marine  
  45  4:05  Factory Tech Lab  
  45  4:08  Barracks  
  46  4:11  Marine x2  
  46  4:13  SCV  
  46  4:14  SCV  
  50  4:19  Supply Depot  
  51  4:24  Siege Tank  
  51  4:25  SCV  
  51  4:26  Refinery  
  51  4:27  SCV  
  51  4:30  Starport  
  56  4:32  SCV  
  56  4:35  Marine  
  56  4:37  SCV  
  56  4:38  Marine x2  
  59  4:40  SCV  
  59  4:41  Supply Depot  
  59  4:44  SCV  
  62  4:49  SCV  
  62  4:52  SCV  
  64  4:54  Marine  
  64  4:55  Refinery  
  64  4:56  Marine  
  62  5:01  Siege Tank  
  62  5:02  Bunker  
  62  5:04  Barracks Reactor, Supply Depot  
  62  5:06  Medivac  
  62  5:07  Marine  
  67  5:11  SCV  
  67  5:12  Marine  
  67  5:13  Marine  
  66  5:14  SCV, Supply Depot  
  66  5:15  Supply Depot  
  66  5:20  Combat Shield  
  66  5:24  Marine  
  66  5:26  SCV  
  68  5:29  Engineering Bay  
  68  5:30  Engineering Bay, Marine  
  68  5:32  Marine  
  68  5:34  Siege Tank  
  72  5:40  SCV  
  72  5:42  Marine  
  74  5:46  Starport Reactor  
  74  5:47  SCV x2, Marine  
  77  5:50  Supply Depot  
  77  5:51  Marine  
  77  5:53  SCV  
  77  5:56  Terran Infantry Weapons Level 1  
  79  5:59  Orbital Command  
  79  6:00  Terran Infantry Armor Level 1  
  79  6:01  Marine x2, Barracks  
  79  6:02  SCV, Barracks  
  82  6:06  SCV  
  83  6:12  Siege Tank  
  83  6:13  Supply Depot  
  83  6:15  Marine x2  
  83  6:18  SCV  
  90  6:23  Medivac  
  91  6:25  SCV  
  91  6:29  Supply Depot  
  91  6:30  Medivac, Supply Depot  
  93  6:34  SCV x2, Marine  
  93  6:39  Marine  
  97  6:40  Marine  
  97  6:44  Siege Tank  
  97  6:45  SCV  
  101  6:48  Refinery  
  101  6:50  Marine  
  102  6:54  SCV, Supply Depot  
  102  6:55  Marine  
  102  6:59  Concussive Shells  
  102  7:01  Barracks Reactor, Barracks Tech Lab  
  105  7:03  SCV  
  105  7:05  Marine x2  
  105  7:06  Armory, SCV  
  108  7:10  SCV  
  109  7:16  Siege Tank  
  109  7:17  Supply Depot  
  109  7:20  SCV x2, Marine x2  
  109  7:21  Marine  
  109  7:22  Supply Depot, Medivac  
  117  7:27  Marine  
  117  7:28  Marauder  
  111  7:30  Marine  
  111  7:31  Medivac  
  111  7:33  SCV  
  107  7:38  Marine x3  
  107  7:39  Marauder  
  107  7:41  SCV, Marine  
  107  7:42  SCV  
  114  7:44  Refinery  
  114  7:45  Supply Depot, Marine  
  114  7:48  Marine  
  118  7:55  Marine  
  119  7:58  Terran Infantry Armor Level 2, Terran Infantry Weapons Level 2  
  119  8:01  SCV  
  119  8:03  Command Center, Marine x2  
  119  8:04  SCV  
  123  8:06  Marine  
  123  8:07  Marine x2  
  123  8:10  Liberator  
  127  8:13  Marine  
  127  8:16  Marauder, Marine  
  131  8:21  Marine  
  131  8:24  Siege Tank  
  131  8:25  Marine  
  136  8:27  Marine  
  136  8:28  Marine  
  136  8:29  Marine  
  136  8:32  Marauder  
  136  8:33  Factory  
  136  8:34  Marine  
  139  8:38  Marauder  
  139  8:40  Marine  
  135  8:41  SCV  
  135  8:42  Marine  
  135  8:45  Marine  
  135  8:46  Marine  
  135  8:47  Medivac, Marine  
  140  8:51  Marine  
  140  8:54  Sensor Tower  
  139  8:56  Siege Tank  
  139  8:58  Marine  
  139  8:59  Liberator  
  146  9:05  Marine x2  
  146  9:06  Missile Turret  
  146  9:07  Missile Turret  
  146  9:08  Missile Turret  
  146  9:13  Marine  
  147  9:17  SCV, Medivac  
  147  9:18  SCV  
  147  9:19  Marine, Factory Tech Lab  
  147  9:21  Supply Depot, Marine  
  151  9:25  Marine  
  151  9:28  SCV  
  151  9:30  SCV  
  146  9:39  Marine  
  146  9:40  Marauder x2, Marine x3  
  146  9:41  Missile Turret  
  146  9:42  Medivac  
  146  9:44  Siege Tank  
  146  9:45  Planetary Fortress  
  159  9:47  Medivac, Marine  
  159  9:48  Marine  
  163  9:57  Marine x2  
  163  9:58  Marine x2  
  162  10:01  Marauder  
  162  10:02  Marauder  
  162  10:03  SCV x2  
  162  10:05  Marine  
  162  10:06  Marine  
  163  10:08  Missile Turret  
  163  10:09  Supply Depot  
  156  10:15  Marine x3  
  156  10:16  Marine  
  156  10:22  Marine  
  156  10:24  Marine  
  156  10:26  Medivac, Marine  
  156  10:28  Marine  
  156  10:30  SCV  
  156  10:35  Marine  
  155  10:36  Marine x2  
  155  10:41  Marauder  
  155  10:42  Terran Infantry Weapons Level 3  
  159  10:45  SCV x3  
  159  10:49  Siege Tank  
  163  10:50  Marine x2  
  163  10:52  Marine  
  163  10:53  Marine  
  163  10:54  Marine  
  142  10:58  Marine  
  140  11:05  Terran Infantry Armor Level 3  
  140  11:07  SCV  
  140  11:11  Missile Turret  
  127  11:13  Siege Tank  
  127  11:18  Marine  
  128  11:22  Marine  
  128  11:23  Marine  
  128  11:25  Marine  
  117  11:27  Marine  
  117  11:28  Marauder, Marine  
  117  11:30  SCV x2  
  117  11:32  SCV x2  
  128  11:36  Marine  
  126  11:40  Marine  
  126  11:42  SCV x2  
  126  11:43  Thor  
  126  11:46  Marine  
  126  11:48  Marine  
  126  11:50  SCV x2  
  126  11:53  Marine x2  
  126  11:54  SCV x2, Marine  
  125  11:58  Marine  
  125  12:00  Thor  
  129  12:02  SCV x2  
  129  12:06  SCV x2  
  132  12:13  Marine  
  132  12:14  Marine  
  132  12:15  SCV, Marauder  
  136  12:16  SCV, Marine x2  
  136  12:17  Marauder, Marine  
  136  12:18  SCV, Marine  
  136  12:19  SCV  
  145  12:25  Command Center  
  145  12:26  Thor  
  145  12:27  SCV  
  145  12:28  Supply Depot  
  145  12:29  Supply Depot  
  150  12:31  Marine  
  150  12:32  Marine  
  150  12:33  Sensor Tower  
  150  12:34  Marine x2  
  150  12:35  Marine x2  
  150  12:36  Marine  
  150  12:38  Marine  
  150  12:41  SCV x2  
  153  12:45  Missile Turret  
  153  12:46  Missile Turret  
  153  12:47  Missile Turret  
  153  12:49  Marine  
  153  12:50  Thor  
  160  12:52  Marine  
  160  12:53  Unknown, Marine  
  160  12:54  Marine  
  160  12:58  Terran Vehicle Weapons Level 1  
  155  13:07  Marine  
  155  13:08  Marine x2  
  155  13:09  Thor  
  155  13:11  Supply Depot  
  164  13:19  Marine x2  
  152  13:20  Marauder x2, Marine  
  152  13:25  Marine  
  152  13:26  Marine x2  
  156  13:33  Siege Tank  
  159  13:37  Marine x2  
  159  13:41  Missile Turret  
  161  13:42  Marine  
  161  13:43  Marine  
  161  13:44  Marine  
  161  13:45  Marine  
  168  13:55  Marine x2  
  169  13:56  Siege Tank  
  171  14:07  Missile Turret  
  171  14:08  Marauder, Marine  
  171  14:09  Marauder  
  175  14:15  Marine  
  175  14:16  Marine  
  177  14:18  Marine  
  177  14:20  Marine  
  177  14:22  Marine  
  173  14:26  Marine  
  173  14:27  Siege Tank  
  173  14:30  Marauder x2  
  169  14:33  Marine  
  169  14:36  Marine  
  138  14:43  Marine  
  127  14:58  Missile Turret  
Show
View Real Time Build Order
Export as new Build Order

Namshar Zerg - Winner!

Build Orders: Hatch First, Muta Ling Bane 

Get SALT Encoding   

  12  0:00  Drone  
  13  0:12  Overlord  
  13  0:17  Drone  
  14  0:30  Drone x2  
  16  0:47  Hatchery  
  15  0:50  Drone  
  15  0:54  Drone  
  15  0:57  Drone  
  18  1:07  Extractor  
  17  1:12  Spawning Pool  
  17  1:16  Drone  
  17  1:18  Drone  
  18  1:27  Drone  
  19  1:38  Drone  
  20  1:48  Overlord  
  20  1:58  Queen x2  
  20  1:59  Zergling x4  
  26  2:08  Metabolic Boost  
  26  2:12  Drone x2  
  28  2:23  Drone x2  
  28  2:27  Extractor  
  30  2:38  Hatchery  
  30  2:41  Drone  
  30  2:42  Overlord  
  29  2:49  Drone x2  
  31  2:54  Drone  
  31  2:56  Queen  
  34  3:00  Overlord  
  34  3:04  Drone  
  35  3:06  Drone  
  36  3:13  Drone x2  
  36  3:14  Drone x2  
  36  3:19  Queen  
  42  3:23  Drone  
  43  3:29  Roach Warren  
  43  3:30  Extractor  
  41  3:35  Drone x2  
  41  3:40  Overlord  
  41  3:41  Drone  
  44  3:47  Drone  
  45  3:54  Drone  
  46  3:56  Overlord x2  
  46  4:08  Roach x3  
  46  4:09  Roach x4  
  60  4:20  Drone  
  60  4:22  Drone x2  
  63  4:28  Drone x2  
  63  4:31  Drone x2  
  67  4:37  Ravager  
  67  4:38  Ravager  
  69  4:41  Drone  
  69  4:42  Drone x3  
  73  4:54  Overlord x2  
  73  4:56  Lair  
  73  4:57  Drone  
  73  4:58  Queen  
  76  5:00  Drone  
  76  5:01  Drone x4  
  81  5:12  Ravager  
  82  5:16  Drone x4  
  82  5:17  Drone  
  87  5:22  Ravager  
  87  5:24  Extractor  
  87  5:25  Extractor  
  87  5:26  Evolution Chamber, Drone x7  
  87  5:27  Evolution Chamber  
  91  5:30  Baneling Nest  
  90  5:38  Drone x6  
  90  5:40  Extractor  
  90  5:41  Overlord x2  
  95  5:44  Extractor  
  95  5:48  Hatchery  
  93  5:52  Drone x3  
  93  5:55  Zerg Ground Armor Level 1  
  96  5:59  Overlord x4  
  96  6:02  Zergling x6  
  99  6:11  Zerg Melee Weapons Level 1  
  99  6:13  Centrifical Hooks  
  99  6:18  Zergling x14  
  106  6:24  Unknown  
  105  6:30  Ravager x3  
  105  6:32  Zergling x16  
  113  6:53  Drone x6  
  119  7:02  Hatchery, Overlord x2  
  119  7:03  Queen, Spire  
  119  7:05  Zergling x16  
  119  7:07  Baneling x5  
  127  7:08  Baneling  
  127  7:09  Baneling  
  127  7:13  Baneling x6  
  126  7:19  Drone x5  
  129  7:32  Drone x2  
  129  7:35  Zergling x20  
  133  7:42  Drone x2  
  134  7:47  Drone x2  
  136  7:51  Zerg Ground Armor Level 2  
  136  7:53  Baneling x6  
  136  7:59  Hatchery  
  135  8:06  Overlord  
  135  8:07  Overlord x2  
  135  8:08  Zerg Melee Weapons Level 2  
  135  8:10  Zergling x12  
  141  8:15  Queen x2  
  143  8:20  Mutalisk x4  
  143  8:22  Zerg Flyer Weapons Level 1  
  137  8:38  Mutalisk  
  137  8:39  Mutalisk x6  
  144  8:44  Drone  
  144  8:45  Drone  
  141  8:49  Mutalisk x4  
  141  8:53  Drone x3  
  141  8:54  Drone  
  152  9:01  Zergling x18  
  161  9:05  Mutalisk  
  161  9:18  Zergling x10  
  166  9:24  Mutalisk  
  166  9:25  Mutalisk x2  
  172  9:37  Overlord x3  
  172  9:39  Infestation Pit  
  172  9:42  Drone x5  
  172  9:44  Baneling x7  
  172  9:45  Pneumatized Carapace, Overseer  
  176  9:48  Drone x3  
  176  9:52  Spore Crawler  
  178  9:54  Mutalisk  
  178  9:55  Mutalisk x3  
  186  10:05  Zergling x20  
  192  10:18  Zergling x2  
  192  10:19  Zergling x22  
  192  10:20  Baneling  
  192  10:21  Baneling x11  
  198  10:23  Baneling x2  
  198  10:24  Baneling x5  
  190  10:38  Zergling x18  
  190  10:56  Hatchery, Mutalisk x7  
  193  11:10  Hive  
  192  11:11  Zerg Flyer Weapons Level 2  
  192  11:14  Hatchery  
  187  11:23  Zergling x22  
  184  11:25  Baneling  
  184  11:26  Baneling x15  
  184  11:38  Overlord x3  
  184  11:44  Hatchery  
  181  12:00  Mutalisk x3  
  183  12:03  Zergling x18  
  191  12:30  Hatchery  
  191  12:32  Zergling x20  
  199  12:38  Adrenal Glands  
  199  12:41  Ultralisk Cavern, Drone  
  199  12:44  Baneling x11  
  199  12:50  Baneling x4  
  199  12:51  Baneling x8  
  199  12:54  Overseer x3  
  195  13:08  Zergling x2, Baneling x6  
  195  13:09  Zergling x6  
  195  13:14  Zergling x2  
  195  13:15  Zergling x22  
  186  13:23  Zergling x8  
  186  13:24  Zergling x20  
  199  13:29  Chitinous Plating  
  195  13:34  Queen  
  197  13:47  Baneling x5  
  197  13:48  Baneling x8  
  197  13:49  Zergling x2  
  197  13:50  Zergling x2  
  199  14:01  Baneling  
  199  14:02  Baneling x9  
  195  14:31  Zergling x20  
  187  14:37  Zergling x34  
  189  14:40  Zergling x2  
  189  14:41  Zergling x24  
Tags
 
Add a new tag
Caveats
  • Supply blocks, unpowered buildings, or Contaminate may cause inaccurate times.
  • Supply counts are checked every 10 seconds.